Map: [ESL] Solaris

Players

NiCe

  • Race: Protoss Protoss
  • League: Master
  • Spawn Location: 1:00

cyan - Winner!

  • Race: Protoss Protoss
  • League: Master
  • Spawn Location: 7:00

VOD

Have the link to the VOD?

Description

Time

  • Played on: Dec. 28, 2023, 11:17 a.m.
  • Length: 5:18
Show
View Real Time Build Order
Export as new Build Order

NiCe Protoss 

Build Orders:  

Get SALT Encoding   

  12  0:00  Probe  
  13  0:12  Probe  
  14  0:17  Pylon  
  14  0:25  Probe (Chrono Boost)  
  16  0:36  Probe (Chrono Boost)  
  16  0:38  Gateway  
  16  0:41  Probe (Chrono Boost)  
  16  0:48  Assimilator  
  17  0:52  Probe (Chrono Boost)  
  17  0:54  Assimilator  
  18  1:04  Probe (Chrono Boost)  
  18  1:08  Gateway  
  19  1:13  Probe (Chrono Boost)  
  20  1:19  Probe  
  21  1:25  Cybernetics Core  
  21  1:31  Probe  
  22  1:33  Pylon  
  22  1:43  Probe  
  23  2:02  Shield Battery, Adept x2  
  23  2:03  Warp Gate  
  27  2:08  Pylon  
  27  2:13  Shield Battery  
  27  2:17  Robotics Facility  
  27  2:32  Stalker x2  
  31  2:39  Shield Battery  
  31  2:57  Pylon  
  31  2:59  Shield Battery  
  31  3:02  Sentry  
  32  3:05  Immortal (Chrono Boost)  
  36  3:18  Shield Battery  
  36  3:28  Gateway  
  36  3:34  Warp Prism (Chrono Boost)  
  38  3:44  Pylon  
  38  3:51  Adept x2  
  43  4:10  Observer  
  43  4:15  Adept x2  
  47  4:30  Pylon  
  47  4:47  Adept  
  47  4:48  Adept x2  
Show
View Real Time Build Order
Export as new Build Order

cyan Protoss - Winner!

Build Orders: Mass Adepts 

Get SALT Encoding   

  12  0:00  Probe  
  13  0:12  Probe  
  14  0:17  Pylon  
  14  0:24  Probe (Chrono Boost)  
  15  0:36  Probe (Chrono Boost)  
  15  0:37  Gateway  
  16  0:44  Probe (Chrono Boost)  
  16  0:48  Assimilator  
  17  0:51  Probe  
  18  0:57  Assimilator  
  18  1:03  Probe (Chrono Boost)  
  19  1:07  Gateway  
  19  1:13  Probe (Chrono Boost)  
  19  1:18  Probe (Chrono Boost)  
  21  1:26  Cybernetics Core  
  21  1:29  Probe  
  21  1:32  Pylon  
  22  1:42  Probe  
  23  1:54  Probe  
  23  2:00  Warp Gate (Chrono Boost)  
  24  2:02  Adept x2  
  24  2:07  Probe  
  29  2:18  Pylon  
  29  2:19  Probe  
  30  2:26  Pylon  
  30  2:35  Adept x2  
  34  2:44  Nexus  
  34  2:47  Probe  
  35  2:54  Pylon  
  35  3:05  Adept  
  35  3:06  Shield Battery  
  35  3:09  Adept  
  39  3:16  Robotics Facility  
  39  3:30  Shield Battery  
  39  3:39  Probe  
  39  3:44  Adept  
  39  3:46  Pylon  
  39  3:47  Adept  
  43  4:00  Probe  
  44  4:04  Immortal (Chrono Boost)  
  44  4:08  Sentry x2  
  52  4:10  Shield Battery  
  52  4:13  Probe  
  53  4:32  Sentry, Adept  
  53  4:33  Warp Prism (Chrono Boost)  
  55  4:55  Adept  
  55  4:56  Adept  
  57  5:05  Probe  
Tags
 
Composition
Mass Adepts
Matchup
PvP
Player
CyanNice
Replay Pack
December 2023
Spawn Locations
Cross Positions
Add a new tag
Caveats
  • Supply blocks, unpowered buildings, or Contaminate may cause inaccurate times.
  • Supply counts are checked every 10 seconds.